 Dungeon Crawl Stone Soup version 0.26-a0-1058-g8dc6ce00ff (webtiles) character file.

Game seed: 1925756085198165581

590 Destapler the Ducker (level 7, -1/70 HPs)
             Began as a Troll Berserker on Dec 13, 2020.
             Was a Priest of Trog.
             Slain by a bullfrog zombie (5 damage)
             ... on level 5 of the Dungeon.
             The game lasted 00:10:50 (2710 turns).

Destapler the Ducker (Troll Berserker)              Turns: 2710, Time: 00:10:52

Health: -1/70      AC:  6    Str: 28    XL:     7   Next: 15%
Magic:  6/6        EV: 11    Int:  3    God:    Trog [***...]
Gold:   163        SH:  0    Dex:  9    Spells: 6/6 levels left

rFire    . . .     SeeInvis .   a - +2 dagger (venom)
rCold    . . .     Faith    .   (no shield)
rNeg     . . .     Spirit   .   v - +0 animal skin
rPois    .         Reflect  .   (helmet restricted)
rElec    .         Harm     .   (no cloak)
rCorr    .         Rampage  .   (gloves unavailable)
Will     ++...                  (boots unavailable)
Stlth    ++........             (no amulet)
HPRegen  1.61/turn              (no ring)
MPRegen  0.10/turn              q - ring of stealth

@: lethally poisoned (-1 -> -1), regenerating
A: large, unfitting armour, claws 3, regeneration 1, shaggy fur 1, tough skin 3
a: Berserk, Trog's Hand, Renounce Religion


You were on level 5 of the Dungeon.
You worshipped Trog.
Trog was most pleased with you.
You visited 1 branch of the dungeon, and saw 6 of its levels.

You collected 163 gold pieces.

Inventory:

Hand Weapons
 a - a +2 dagger of venom (weapon)
Missiles
 b - a throwing net
 c - 185 stones
 m - 30 poisoned darts (quivered)
Armour
 v - a +0 animal skin (worn)
Jewellery
 p - an uncursed ring of fire
 q - a ring of stealth (right claw)
Wands
 w - a wand of flame (12)
Scrolls
 e - 2 scrolls of teleportation
 f - 3 scrolls of identify
 h - a scroll of fog {unknown}
 j - a scroll of blinking {unknown}
 k - 3 scrolls of remove curse
 o - a scroll of enchant weapon {unknown}
 t - a scroll of immolation {unknown}
 u - a scroll of fear {unknown}
Potions
 d - 3 potions of curing
 i - a potion of brilliance {unknown}
 l - a potion of flight {unknown}
 r - a potion of attraction {unknown}
 s - 2 potions of haste {unknown}
 x - a potion of resistance {unknown}
 z - a potion of heal wounds
 A - a potion of mutation {unknown}


   Skills:
 + Level 4.1 Fighting
 + Level 1.3 Short Blades
 + Level 3.1 Armour
 + Level 4.1 Dodging
 - Level 3.0 Unarmed Combat
 + Level 1.2 Evocations


You had 6 spell levels left.
You didn't know any spells.
Your spell library was empty.

Dungeon Overview and Level Annotations

Branches:
Dungeon (6/15)             Temple (0/1) D:4

Altars:
Hepliaklqana
Trog
Yredelemnul
The Shining One

Shops:
D:4 *

Annotations:
D:4 3 runed translucent doors


Innate Abilities, Weirdness & Mutations

You are too large for most types of armour.
You have claws for hands.
Your natural rate of healing is unusually fast.
You are covered in fur. (AC +1)
You have extremely tough skin. (AC +3)


Message History

You hit the bullfrog zombie.
The bullfrog zombie is heavily damaged.
You feel sick. The centaur zombie hits you.
* * * LOW HITPOINT WARNING * * *
The bullfrog zombie hits you.
* * * LOW HITPOINT WARNING * * *
The centaur zombie misses you.
You hit the bullfrog zombie.
The bullfrog zombie is heavily damaged.
The bullfrog zombie closely misses you. The centaur zombie hits you.
* * * LOW HITPOINT WARNING * * *
Unknown command.
You hit the bullfrog zombie.
The bullfrog zombie is heavily damaged.
The bullfrog zombie hits you.
* * * LOW HITPOINT WARNING * * *
The centaur zombie hits you.
* * * LOW HITPOINT WARNING * * *
The bullfrog zombie hits you.
You die...

*,*,*,****,************,*********
*,,,,,,,,,,,,,,,,,,,,,,,,,,,,,,,,
*,,,*,****#,**,,,,,,,,,,,,,,,,,,,
*,,,*,,,,.#.*********,***********
*,,,,,,,,...####### *,* *,,,,,,,
**,,*,***.#.......#**,****,,,,,,,
**>,,,,,,.....Y.(.,,,,,,,+,,,,,,,
,,,,*,*,,......#Z####*****,,,,,,,
,,,,,,*,*.......@...# *,,,,,,,
**,,*,*,*.#.##.#Z#### *,,,,,,,
**,,*,*,*,*,*#,#.# ********
,,,,*,*,*,*,**,#.# #########
,,,,*,*,*,*,*#.#.###.......#
,,,,,,,,,,,,*#.....'.......#
,,,,,,,,,,....?..###.......#
,,,,,,*,,......###*###'##########
,,,,,,,,,......,,,,**#...........


You could see a bullfrog zombie and a centaur zombie.

Vanquished Creatures
  A phantom (D:4)
  A howler monkey (D:4)
  A hound (D:6)
  An orc priest (D:4)
  2 orc wizards (D:4)
  Jessica (D:3)
  A worker ant (D:5)
  Natasha (thrice) (D:3)
  Robin (D:3)
  11 adders
  A shadow imp (D:5)
  An ooze (D:1)
  6 worms (D:3)
  A dart slug (D:3)
  3 leopard geckos
  6 orcs (D:4)
  2 giant cockroaches
  18 goblins
  9 hobgoblins
  A ball python (D:1)
  6 bats
  5 frilled lizards
  6 kobolds
  12 rats
100 creatures vanquished.

Notes
Turn   | Place    | Note
-------+----------+-------------------------------------------
     0 | D:1      | Destapler the Troll Berserker began the quest for the Orb.
     0 | D:1      | Reached XP level 1. HP: 22/22 MP: 0/0
   142 | D:1      | Reached XP level 2. HP: 29/29 MP: 1/1
   804 | D:2      | Reached skill level 1 in Armour
   865 | D:2      | Reached ** piety under Trog
   866 | D:2      | Reached XP level 3. HP: 30/36 MP: 2/2
   936 | D:2      | Found a hazy altar of Hepliaklqana.
  1023 | D:2      | Reached XP level 4. HP: 39/45 MP: 3/3
  1060 | D:2      | Found a basalt altar of Yredelemnul.
  1062 | D:2      | Noticed a profane servitor
  1071 | D:2      | Found a glowing golden altar of the Shining One.
  1073 | D:2      | Noticed an angel
  1607 | D:3      | Noticed Natasha
  1618 | D:3      | Killed Natasha
  1619 | D:3      | Reached XP level 5. HP: 40/53 MP: 4/4
  1621 | D:3      | Noticed Robin
  1624 | D:3      | Reached *** piety under Trog
  1638 | D:3      | Killed Robin
  1667 | D:3      | Noticed Jessica
  1683 | D:3      | Killed Jessica
  1781 | D:3      | Noticed a moth of wrath
  1784 | D:3      | Found a bloodstained altar of Trog.
  1822 | D:3      | Noticed Natasha
  1829 | D:3      | Killed Natasha
  1855 | D:3      | Noticed Natasha
  1866 | D:3      | Killed Natasha
  1867 | D:3      | Reached XP level 6. HP: 44/62 MP: 5/5
  2181 | D:4      | Found Yriebium's General Store.
  2211 | D:4      | Found a staircase to the Ecumenical Temple.
  2245 | D:4      | Found a runed translucent gate.
  2245 | D:4      | Found a runed translucent gate.
  2246 | D:4      | Found a runed translucent gate.
  2426 | D:4      | Reached skill level 1 in Short Blades
  2433 | D:4      | Reached skill level 1 in Evocations
  2457 | D:4      | Reached XP level 7. HP: 45/70 MP: 6/6
  2472 | D:4      | You fall into a shaft and drop 2 floors!
  2660 | D:5      | Entered Level 5 of the Dungeon
  2710 | D:5      | Slain by a bullfrog zombie

Illustrated notes

Levels and vault maps discovered:
D:1:      nagdon_arrival_zigzag_paths, layout_loops_ring
D:2:      layout_rooms, grunt_temple_overflow_holy_war, lemuel_crystal_altar
D:3:      layout_rooms, tgw_trog, minmay_misc_feat_nine_boxes,
          minmay_tree_intersection, uniq_robin, uniq_jessica, uniq_natasha
D:4:      layout_cave_pools, minitemple, minmay_temple_entry_wispy,
          serial_shops, shop, gammafunk_ghost_necromancy
D:5:      layout_basic, portal_sewer_entry_f, basic_altar
D:6:      layout_basic, serial_shops, nicolae_shop_crystal

Skill      XL: |  1  2  3  4  5  6 |
---------------+-------------------+-----
Armour         | 1 2 3 |  3.1
Fighting       | 3 4 |  4.1
Dodging        | 3 4 |  4.1
Short Blades   | 1 |  1.3
Evocations     | 1 |  1.2
Unarmed Combat | |  3.0

Action                   |  1- 3 |  4- 6 |  7- 9 || total
-------------------------+-------+-------+-------++-------
Melee: Unarmed           |    70 |   112 |       ||   182
       Dagger            |       |   103 |    33 ||   136
       Punch             |       |     1 |     2 ||     3
Invok: Berserk           |     1 |     5 |       ||     6
       Trog's Hand       |       |     2 |     1 ||     3
  Use: Scroll            |       |     4 |     2 ||     6
 Stab: Sleeping          |       |     3 |       ||     3
Armor: Animal skin       |    22 |    77 |    14 ||   113
Dodge: Dodged            |    34 |   118 |    30 ||   182

Table legend: (Time is in decaauts)
 A = Elapsed time spent in this place.
 B = Non-inter-level travel time spent in this place.
 C = Inter-level travel time spent in this place.
 D = Time resting spent in this place.
 E = Time spent auto-exploring this place.
 F = Levels seen in this place.
 G = Mean time per level.
                   A        B        C        D        E       F      G
               +--------+--------+--------+--------+--------+-----+--------+
         Total |   2740 |   2642 |     98 |    142 |   1756 |   6 |  456.7 |
       Dungeon |   2740 |   2642 |     98 |    142 |   1756 |   6 |  456.7 |
               +--------+--------+--------+--------+--------+-----+--------+

Top non-repeatable levels by time:
     D:3: 866 daAuts
     D:1: 719 daAuts
     D:2: 619 daAuts
     D:4: 299 daAuts
     D:6: 187 daAuts
     D:5: 48 daAuts
